 Dungeon Crawl Stone Soup version 0.19.4-8-ga85b6b9 (webtiles) character file.

2741 Chiseanne the Conjurer (level 9, -1/65 HPs)
             Began as a Demonspawn Wanderer on Feb 6, 2017.
             Was a Priest of Okawaru.
             Killed from afar by Erica (17 damage)
             ... with a bolt of poison
             ... on level 8 of the Dungeon.
             The game lasted 00:35:48 (7805 turns).

Chiseanne the Conjurer (Demonspawn Wanderer)        Turns: 7805, Time: 00:35:49

Health: -1/65      AC:  8    Str: 15    XL:     9   Next: 40%
Magic:  0/15       EV: 13    Int: 13    God:    Okawaru [***...]
Gold:   0          SH:  0    Dex: 14    Spells: 6 memorised, 1 level left

rFire  . . .     SeeInvis .     w - +0 hand crossbow
rCold  . . .     Gourm    .     H - +2 robe {Archmagi}
rNeg   . . .     Faith    .     (no shield)
rPois  .         Spirit   +     b - +0 helmet
rElec  .         Reflect  .     M - +1 cloak
rCorr  .         Harm     .     y - +0 pair of gloves
MR     .....                    (boots unavailable)
Stlth  ++........               (no amulet)
                                (no ring)
                                o - ring of wizardry

@: lethally poisoned (-1 -> -11), repel missiles
A: talons 3, demonic guardian 1, magic shield, magic regeneration
a: Heroism, Renounce Religion


You were on level 8 of the Dungeon.
You worshipped Okawaru.
Okawaru was most pleased with you.
You were hungry.

You visited 1 branch of the dungeon, and saw 8 of its levels.

You collected 280 gold pieces.
You spent 280 gold pieces at shops.

Inventory:

Hand Weapons
 a - a +2 short sword of speed
 d - a +4 quarterstaff of chaos
 e - a +0 blowgun
 q - a +0 hunting sling
 s - a +2 scythe of protection
 w - a +0 hand crossbow (weapon)
 F - a +1 mace of crushing
 G - a +1 whip of flaming
 K - a +0 scimitar
Missiles
 c - 9 bolts (quivered)
 l - 61 arrows
 n - 172 stones
 p - 19 poisoned needles
 r - 6 tomahawks
 z - 58 sling bullets
Armour
 b - a +0 helmet (worn)
 y - a +0 pair of gloves (worn)
 H - a +2 robe of the Archmagi (worn)
 M - a +1 cloak (worn)
Jewellery
 o - a ring of wizardry (left hand)
 L - an uncursed amulet of magic regeneration {unknown}
Scrolls
 h - 3 scrolls of identify
 k - 5 scrolls of remove curse
 u - a scroll of magic mapping
 D - 3 scrolls of teleportation
Potions
 g - a potion of cure mutation
 m - a potion of heal wounds
 A - a potion of lignification
 C - a potion of cancellation
 E - 2 potions of curing
 J - a potion of flight
 N - a potion of might
 O - a potion of berserk rage
 P - a potion of magic
Books
 j - a book of Minor Magic

   Spells                             Type                      Level
   a - Magic Dart                     Conjuration                  1
   b - Blink                          Translocation                2
   c - Call Imp                       Summoning                    2
   d - Repel Missiles                 Charms/Air                   2
   e - Slow                           Hexes                        2
   f - Conjure Flame                  Conjuration/Fire             3
   g - Mephitic Cloud                 Conjuration/Poison/Air       3
 v - the Volume of Companions

   Spells                             Type                      Level
   a - Summon Small Mammal            Summoning                    1
   b - Summon Guardian Golem          Hexes/Summoning              3
 I - a book of Conjurations

   Spells                             Type                      Level
   a - Magic Dart                     Conjuration                  1
   b - Searing Ray                    Conjuration                  2
   c - Dazzling Spray                 Conjuration/Hexes            3
   d - Fulminant Prism                Conjuration/Hexes            4
   e - Iskenderun's Mystic Blast      Conjuration                  4
   f - Iskenderun's Battlesphere      Conjuration/Charms           5
Comestibles
 f - 5 bread rations
 i - 2 fruits
 t - a slice of pizza
 x - 2 chunks of flesh
 B - 3 meat rations


   Skills:
 - Level 3.8 Fighting
   Level 1.7 Bows
 - Level 0.6 Crossbows
 - Level 1.0 Throwing
 - Level 3.7 Armour
 - Level 3.1 Dodging
 - Level 1.0 Stealth
 * Level 4.3 Spellcasting
 * Level 7.5 Conjurations
 * Level 1.3 Charms
   Level 1.0 Summonings
 - Level 2.7 Translocations
 - Level 3.8 Air Magic
 - Level 3.3 Poison Magic


You had one spell level left.
You knew the following spells:

 Your Spells              Type           Power        Failure   Level  Hunger
a - Magic Dart            Conj           ####         1%          1    None
b - Iskenderun's Mystic   Conj           ####....     4%          4    ####...
c - Conjure Flame         Conj/Fire      ###.....     6%          3    ###....
d - Mephitic Cloud        Conj/Pois/Air  ###.....     4%          3    ###....
e - Repel Missiles        Chrm/Air       ##....       4%          2    ##.....
f - Blink                 Tloc           N/A          4%          2    ##.....


Dungeon Overview and Level Annotations

Branches:
Dungeon (8/15)             Temple (0/1) D:5
   Lair: D:8-11

Altars:
Fedhas
Gozag
Okawaru
Sif Muna

Shops:
D:8 !

Annotations:
D:3 exclusion: oklob plant
D:8 Erica


Innate Abilities, Weirdness & Mutations

You have claws for feet.
A weak demonic guardian rushes to your aid.
When hurt, damage is shared between your health and your magic reserves.
You regenerate magic rapidly.


Message History

Firing (i - inventory. (,) - cycle):
c - 11 bolts (quivered)
Press: ? - help, Shift-Dir - straight line You shoot a bolt.
Firing (i - inventory. (,) - cycle):
c - 10 bolts (quivered)
Press: ? - help, Shift-Dir - straight line You shoot a bolt.
You hear some strange, mumbled words.
An orb of energy appears from out of thin air!
The orb of energy hits you!
* * * LOW HITPOINT WARNING * * *
You hear some strange, mumbled words.
Something tries to affect you, but you resist.
Casting: Conjure Flame
Confirm with . or Enter, or press ? or * to list all spells.
You don't have enough magic to cast that spell.
You hear some strange, mumbled words.
A bolt of poison appears from out of thin air!
The bolt of poison hits you!
You are poisoned.
You die...

# ...# .. #..#
##. #..###
.#..###.(..
..........
#.......
#...#############
#......(.(((....#
#...#####@.####(#
#.### #.{####.#
#.# #....##(# )..
#.##.##.# ..o).
#...W..(# .......
####.####
#......o# ##...##
#.......#
##..∩!.##
#.......#
##.......##


You could see a phantom.

Vanquished Creatures
  Psyche (D:8)
  Sigmund (D:2)
  A hungry ghost (D:7)
  Menkaure (D:5)
  A slave (D:5)
  An ogre (D:7)
  2 phantoms
  An orc warrior (D:5)
  A centaur (D:5)
  A big kobold (D:7)
  A bullfrog (D:7)
  5 killer bees (D:7)
  4 crimson imps
  2 jellies (D:5)
  A bullfrog skeleton (D:6)
  4 hounds
  2 orc priests
  Crazy Yiuf (D:3)
  Jessica (D:3)
  Ijyb (D:3)
  4 worker ants
  3 orc wizards
  2 hound skeletons
  5 adders
  A shadow imp (D:5)
  An ooze (D:2)
  2 adder skeletons
  2 worms
  A dart slug (D:3)
  3 leopard geckos
  16 orcs
  9 bats
  2 giant cockroaches
  16 goblins
  9 hobgoblins
  15 jackals
  3 quokkas
  4 frilled lizards
  A jackal skeleton (D:5)
  14 kobolds
  10 rats
156 creatures vanquished.

Vanquished Creatures (collateral kills)
  Pikel (D:5)
  The ghost of vatarom the Sneak, an amateur VSAs (D:3)
  An ice beast (D:5)
  A slave (D:5)
  An ogre (D:5)
  An orc wizard (D:5)
  4 orcs
  A hobgoblin (D:3)
  A frilled lizard (D:3)
  A kobold (D:3)
13 creatures vanquished.

Vanquished Creatures (others)
  A slave (D:5)
  An orc priest (D:5)
  A giant cockroach zombie (D:5)
3 creatures vanquished.

Grand Total: 172 creatures vanquished

Notes
Turn   | Place    | Note
-------+----------+-------------------------------------------
     0 | D:1      | Chiseanne the Demonspawn Wanderer began the quest for the Orb.
     0 | D:1      | Chiseanne set off with: a book of Minor Magic, a +0 hand crossbow, 23 bolts, the Volume of Companions, a +0 robe, a bread ration
     0 | D:1      | Reached XP level 1. HP: 15/15 MP: 3/3
     1 | D:1      | Identified the Volume of Companions
   250 | D:1      | Gained mutation: A weak demonic guardian rushes to your aid. [demonic ancestry]
   250 | D:1      | Reached XP level 2. HP: 21/21 MP: 5/5
   442 | D:1      | Reached skill level 1 in Dodging
   789 | D:1      | Gained mutation: When hurt, damage is shared between your health and your magic reserves. [demonic ancestry]
   789 | D:1      | Reached XP level 3. HP: 25/27 MP: 6/6
   793 | D:1      | Learned a level 2 spell: Blink
  1424 | D:2      | Noticed Sigmund
  1439 | D:2      | Killed Sigmund
  1439 | D:2      | Reached skill level 1 in Translocations
  1439 | D:2      | Gained mutation: You have sharp toenails. [demonic ancestry]
  1439 | D:2      | Reached XP level 4. HP: 23/34 MP: 3/8
  1439 | D:2      | Reached XP level 5. HP: 27/39 MP: 3/9
  1654 | D:2      | Found an iron altar of Okawaru.
  2094 | D:3      | Noticed a phantom
  2155 | D:3      | Killed a phantom
  2155 | D:3      | Gained mutation: You have razor-sharp toenails. [demonic ancestry]
  2155 | D:3      | Reached XP level 6. HP: 8/46 MP: 3/10
  2159 | D:3      | Noticed vatarom's ghost (amateur VSAs)
  2448 | D:2      | Became a worshipper of Warmaster Okawaru
  2670 | D:3      | Killed vatarom's ghost
  2748 | D:3      | Learned a level 2 spell: Repel Missiles
  2792 | D:3      | Noticed Jessica
  2856 | D:3      | Killed Jessica
  2926 | D:3      | Noticed Ijyb
  2942 | D:3      | Killed Ijyb
  3059 | D:3      | Found a runed door.
  3244 | D:3      | Found a blossoming altar of Fedhas.
  3263 | D:3      | Noticed an oklob plant
  3427 | D:3      | Found a deep blue altar of Sif Muna.
  3636 | D:3      | Noticed Crazy Yiuf
  3649 | D:3      | Killed Crazy Yiuf
  3649 | D:3      | Gained mutation: You regenerate magic rapidly. [demonic ancestry]
  3649 | D:3      | Reached XP level 7. HP: 30/52 MP: 6/12
  4380 | D:5      | Entered Level 5 of the Dungeon
  4516 | D:5      | Found an opulent altar of Gozag.
  4536 | D:5      | Noticed Menkaure
  4999 | D:5      | Killed Menkaure
  4999 | D:5      | Reached * piety under Okawaru
  5093 | D:5      | Learned a level 3 spell: Mephitic Cloud
  5399 | D:5      | Reached skill level 1 in Air Magic
  5505 | D:5      | Reached skill level 1 in Poison Magic
  5629 | D:5      | Found a staircase to the Ecumenical Temple.
  5761 | D:5      | Noticed Pikel
  5795 | D:5      | Killed Pikel
  5795 | D:5      | Reached XP level 8. HP: 47/60 MP: 10/13
  5862 | D:5      | Learned a level 3 spell: Conjure Flame
  6093 | D:5      | Reached skill level 1 in Conjurations
  6293 | D:5      | Reached skill level 2 in Conjurations
  6302 | D:5      | Reached skill level 3 in Conjurations
  6383 | D:5      | Reached ** piety under Okawaru
  6413 | D:5      | Reached skill level 4 in Conjurations
  6713 | D:6      | Reached skill level 5 in Conjurations
  6811 | D:7      | Learned a level 1 spell: Magic Dart
  7066 | D:7      | Reached skill level 6 in Conjurations
  7066 | D:7      | Gained mutation: You have claws for feet. [demonic ancestry]
  7066 | D:7      | Reached XP level 9. HP: 65/65 MP: 14/14
  7122 | D:7      | Reached *** piety under Okawaru
  7502 | D:7      | Reached skill level 7 in Conjurations
  7515 | D:7      | Learned a level 4 spell: Iskenderun's Mystic Blast
  7680 | D:8      | Found Lurem's Distillery.
  7720 | D:8      | Bought a potion of berserk rage for 70 gold pieces
  7720 | D:8      | Bought a potion of magic for 112 gold pieces
  7720 | D:8      | Bought a potion of degeneration for 14 gold pieces
  7723 | D:8      | Bought a potion of curing for 42 gold pieces
  7723 | D:8      | Bought a potion of curing for 42 gold pieces
  7738 | D:8      | Noticed Psyche
  7738 | D:8      | Noticed Erica
  7746 | D:8      | Killed Psyche
  7746 | D:8      | Reached skill level 1 in Charms
  7805 | D:8      | Killed from afar by Erica

Skill      XL: |  1  2  3  4  5  6  7  8  9 |
---------------+----------------------------+-----
Dodging        | 1 2 3 |  3.1
Armour         | 2 3 |  3.7
Fighting       | 2 3 |  3.8
Translocations | 1 2 |  2.7
Spellcasting   | 3 4 |  4.3
Air Magic      | 3 |  3.8
Poison Magic   | 3 |  3.3
Conjurations   | 6 7 |  7.5
Charms         | 1 |  1.3
Bows           | |  1.7
Crossbows      | |  0.6
Throwing       | |  1.0
Stealth        | |  1.0
Summonings     | |  1.0

Action                   |  1- 3 |  4- 6 |  7- 9 || total
-------------------------+-------+-------+-------++-------
Melee: Mace              |    33 |       |     8 ||    41
       Short sword       |    44 |   168 |   289 ||   501
       Kick              |       |    47 |    83 ||   130
       Scythe            |       |    12 |     8 ||    20
 Fire: Hand crossbow     |    16 |    22 |   116 ||   154
       Blowgun           |       |     3 |    17 ||    20
 Cast: Mephitic Cloud    |       |       |    10 ||    10
       Blink             |       |       |     8 ||     8
       Magic Dart        |       |       |    44 ||    44
       Conjure Flame     |       |       |    11 ||    11
       Repel Missiles    |       |       |     1 ||     1
Invok: Heroism           |       |       |     1 ||     1
  Use: Scroll            |     4 |     4 |     8 ||    16
       Potion            |       |     1 |     1 ||     2
 Stab: Distracted        |       |       |     1 ||     1
       Confused          |       |       |     1 ||     1
  Eat: Chunk             |     2 |     6 |    15 ||    23
       Fruit             |       |       |     1 ||     1
Armor: Ring mail         |    31 |    53 |    23 ||   107
       Robe              |       |       |    71 ||    71
Dodge: Dodged            |    38 |    77 |   145 ||   260
       Deflected         |       |       |     2 ||     2
